 Dungeon Crawl Stone Soup version 0.23-a0-183-gf37f6fb109 (webtiles) character file.

291 Ablot the Charmwright (level 6, -1/50 HPs)
             Began as a Gnoll Skald on Sept 21, 2018.
             Was an Initiate of Okawaru.
             Slain by Robin
             ... wielding a +0 trident
              (3 damage)
             ... on level 4 of the Dungeon.
             The game lasted 00:05:59 (2852 turns).

Ablot the Charmwright (Gnoll Skald)                 Turns: 2852, Time: 00:05:59

Health: -1/50      AC:  3    Str: 14    XL:     6   Next: 32%
Magic:  0/14       EV: 14    Int: 16    God:    Okawaru [......]
Gold:   300        SH:  0    Dex: 15    Spells: 4/15 levels left

rFire    + . .     SeeInvis .   a - +0 trident (curse)
rCold    . . .     Gourm    +   (no shield)
rNeg     . . .     Faith    .   b - +0 leather armour
rPois    .         Spirit   .   (no helmet)
rElec    .         Reflect  .   (no cloak)
rCorr    .         Harm     .   (no gloves)
MR       .....                  (no boots)
Stlth    ++........             l - amulet of the gourmand
HPRegen  1.16/turn              j - ring of protection from fire (curse)
MPRegen  0.14/turn              p - ring of wizardry

@: regenerating, invisible
A: distributed training, fangs 1, strong nose
a: Renounce Religion


You were on level 4 of the Dungeon.
You worshipped Okawaru.
Okawaru was noncommittal.
You were completely stuffed.

You visited 2 branches of the dungeon, and saw 5 of its levels.

You collected 300 gold pieces.

Inventory:

Hand Weapons
 a - a cursed +0 trident (weapon)
 q - a +0 hunting sling
 t - a +1 flail of draining
Missiles
 c - 96 arrows
 e - 202 stones
 h - 9 poisoned needles
 o - 64 sling bullets
 v - 5 javelins (quivered)
Armour
 b - a +0 leather armour (worn)
Jewellery
 i - an uncursed ring of flight
 j - a cursed ring of protection from fire (left hand)
 l - an amulet of the gourmand (around neck)
 m - an uncursed ring of resist corrosion
 p - a ring of wizardry (right hand)
Wands
 C - a wand of iceblast (9)
Scrolls
 f - 10 scrolls of identify {unknown}
 n - a scroll of fog {unknown}
 r - a scroll of random uselessness {unknown}
 w - a scroll of magic mapping {unknown}
 y - a scroll of teleportation {unknown}
 A - a scroll of enchant armour {unknown}
 B - a scroll of amnesia {unknown}
Potions
 g - a potion of brilliance {unknown}
 k - 3 potions of resistance {unknown}
 u - a potion of might {unknown}
 z - a potion of agility {unknown}
Comestibles
 d - 11 rations
 s - 9 chunks of flesh


   Skills:
 + Level 4.9 Fighting
 + Level 1.8 Short Blades
 + Level 1.8 Long Blades
 + Level 1.8 Axes
 + Level 1.8 Maces & Flails
 + Level 4.9 Polearms
 + Level 1.8 Staves
 + Level 1.8 Slings
 + Level 1.8 Bows
 + Level 1.8 Crossbows
 + Level 1.8 Throwing
 + Level 3.2 Armour
 + Level 4.9 Dodging
 + Level 1.8 Stealth
 + Level 1.8 Shields
 + Level 1.8 Unarmed Combat
 + Level 5.3 Spellcasting
 + Level 1.4 Conjurations
 + Level 1.4 Hexes
 + Level 5.6 Charms
 + Level 1.4 Summonings
 + Level 1.4 Necromancy
 + Level 1.4 Translocations
 + Level 1.4 Transmutations
 + Level 1.4 Fire Magic
 + Level 1.4 Ice Magic
 + Level 1.4 Air Magic
 + Level 1.4 Earth Magic
 + Level 1.4 Poison Magic
 + Level 2.0 Invocations
 + Level 1.8 Evocations


You had 4 spell levels left.
You knew the following spells:

 Your Spells              Type           Power        Failure   Level  Hunger
a - Infusion              Chrm           ###.         1%          1    None
b - Song of Slaying       Chrm           ###.....     1%          2    #......
c - Shroud of Golubria    Chrm/Tloc      ###.......   2%          2    #......
d - Regeneration          Chrm/Necr      ###.......   5%          3    ###....
e - Spectral Weapon       Hex/Chrm       ###.....     5%          3    ###....

Your spell library contained the following spells:

 Spells                   Type           Power        Failure   Level  Hunger


Dungeon Overview and Level Annotations

Branches:
Dungeon (4/15)             Temple (1/1) D:4

Altars:
Cheibriados
Gozag
Hepliaklqana
Kikubaaqudgha
Nemelex Xobeh
Okawaru
Qazlal
Ru
Trog
Uskayaw
Vehumet
Wu Jian
Yredelemnul
Zin
The Shining One

Annotations:
D:3 1 runed door, Ablot's ghost, amateur GnSk
D:4 Robin


Innate Abilities, Weirdness & Mutations

Your experience applies equally to all skills.
You have very sharp teeth.
Your uncanny sense of smell can sniff out nearby items.


Message History

Press: ? - help, Dir - move target cursor You attack empty space.
Something barely misses you.
Attack whom?
Press: ? - help, Dir - move target cursor You reach to attack!
You miss something. Something hits you.
* * * LOW HITPOINT WARNING * * *
Attack whom?
Press: ? - help, Dir - move target cursor
Okay, then.
Casting: Spectral Weapon (safe; 5% risk of failure)
Confirm with . or Enter, or press ? or * to list all spells.
Your skin crawls.
Something hits you.
* * * LOW HITPOINT WARNING * * *
Attack whom?
Press: ? - help, Dir - move target cursor You reach to attack!
You hit something. Something hits you!
* * * LOW HITPOINT WARNING * * *
You fade into invisibility!
Something hits you.
You die...

#.≈≈#########..# ..#
#.≈≈#..........# ..#
#...'...)......#∆..#
#...'.).)......# ..#
#...'..........# ..#
##≈≈#..........# ..#
#≈≈#########.)##)'#
##≈≈≈..#.(†#......#
#≈≈≈..'.@.'...)..#
##≈≈..#..)#(.....#
#################


You could see a friendly spectral trident.

Vanquished Creatures
  A crimson imp (D:4)
  An orc priest (D:3)
  An iguana (D:4)
  Natasha (D:4)
  6 adders
  2 oozes
  An adder skeleton (D:4)
  A worm (D:4)
  2 dart slugs
  10 orcs (D:3)
  5 bats (D:1)
  2 giant cockroaches
  25 goblins
  8 hobgoblins
  6 jackals
  5 kobolds
  A quokka (D:2)
  A ball python skeleton (D:4)
  8 frilled lizards
  5 rats
92 creatures vanquished.

Notes
Turn   | Place    | Note
-------+----------+-------------------------------------------
     0 | D:1      | Ablot the Gnoll Skald began the quest for the Orb.
     0 | D:1      | Reached XP level 1. HP: 20/20 MP: 6/6
   108 | D:1      | Reached XP level 2. HP: 22/26 MP: 7/7
   123 | D:1      | Learned a level 2 spell: Song of Slaying
   126 | D:1      | Learned a level 2 spell: Shroud of Golubria
   384 | D:1      | Reached XP level 3. HP: 31/31 MP: 9/9
   389 | D:1      | Learned a level 3 spell: Regeneration
   393 | D:1      | Learned a level 3 spell: Spectral Weapon
   449 | D:1      | Reached skill level 5 in Spellcasting
   945 | D:2      | Reached skill level 1 in Invocations
  1026 | D:2      | Reached skill level 1 in Short Blades
  1026 | D:2      | Reached skill level 1 in Long Blades
  1026 | D:2      | Reached skill level 1 in Axes
  1026 | D:2      | Reached skill level 1 in Maces & Flails
  1026 | D:2      | Reached skill level 1 in Staves
  1026 | D:2      | Reached skill level 1 in Slings
  1026 | D:2      | Reached skill level 1 in Bows
  1026 | D:2      | Reached skill level 1 in Crossbows
  1026 | D:2      | Reached skill level 1 in Throwing
  1026 | D:2      | Reached skill level 1 in Stealth
  1026 | D:2      | Reached skill level 1 in Shields
  1026 | D:2      | Reached skill level 1 in Unarmed Combat
  1026 | D:2      | Reached skill level 1 in Evocations
  1054 | D:2      | Reached XP level 4. HP: 38/38 MP: 6/11
  1728 | D:3      | Reached skill level 1 in Conjurations
  1728 | D:3      | Reached skill level 1 in Hexes
  1728 | D:3      | Reached skill level 1 in Summonings
  1728 | D:3      | Reached skill level 1 in Necromancy
  1728 | D:3      | Reached skill level 1 in Translocations
  1728 | D:3      | Reached skill level 1 in Transmutations
  1728 | D:3      | Reached skill level 1 in Fire Magic
  1728 | D:3      | Reached skill level 1 in Ice Magic
  1728 | D:3      | Reached skill level 1 in Air Magic
  1728 | D:3      | Reached skill level 1 in Earth Magic
  1728 | D:3      | Reached skill level 1 in Poison Magic
  1729 | D:3      | Reached XP level 5. HP: 40/43 MP: 5/12
  2055 | D:3      | Found a runed door.
  2056 | D:3      | Noticed Ablot's ghost (amateur GnSk)
  2198 | D:4      | Noticed Natasha
  2212 | D:4      | Killed Natasha
  2235 | D:4      | Found a staircase to the Ecumenical Temple.
  2291 | Temple   | Entered the Ecumenical Temple
  2392 | Temple   | Became a worshipper of Warmaster Okawaru
  2452 | D:4      | Reached XP level 6. HP: 47/50 MP: 8/13
  2816 | D:4      | Noticed Robin
  2851 | D:4      | HP: 1/50 [something (7)]
  2852 | D:4      | Slain by Robin

Vault maps used:
D:1:      tarquinn_simple_flora_water_a
D:3:      gammafunk_ghost_grave, solitary_fountain
D:4:      kennysheep_goblin_castle, minmay_temple_entry_poolview, first_ration,
          uniq_natasha
Temple:   regret_index_temple_waves

Skill      XL: |  1  2  3  4  5 |
---------------+----------------+-----
Spellcasting   | 5 |  5.3
Invocations    | 1 2 |  2.0
Short Blades   | 1 |  1.8
Long Blades    | 1 |  1.8
Axes           | 1 |  1.8
Maces & Flails | 1 |  1.8
Staves         | 1 |  1.8
Slings         | 1 |  1.8
Bows           | 1 |  1.8
Crossbows      | 1 |  1.8
Throwing       | 1 |  1.8
Stealth        | 1 |  1.8
Shields        | 1 |  1.8
Unarmed Combat | 1 |  1.8
Evocations     | 1 |  1.8
Conjurations   | 1 |  1.4
Hexes          | 1 |  1.4
Summonings     | 1 |  1.4
Necromancy     | 1 |  1.4
Translocations | 1 |  1.4
Transmutations | 1 |  1.4
Fire Magic     | 1 |  1.4
Ice Magic      | 1 |  1.4
Air Magic      | 1 |  1.4
Earth Magic    | 1 |  1.4
Poison Magic   | 1 |  1.4
Armour         | 3 |  3.2
Fighting       | |  4.9
Polearms       | |  4.9
Dodging        | |  4.9
Charms         | |  5.6

Action                   |  1- 3 |  4- 6 || total
-------------------------+-------+-------++-------
Melee: Spear             |   129 |    37 ||   166
       Bite              |     9 |    10 ||    19
       Punch             |     1 |     1 ||     2
       Trident           |       |    89 ||    89
 Cast: Shroud of Golubri |     3 |     9 ||    12
       Song of Slaying   |     1 |     4 ||     5
       Spectral Weapon   |     2 |     9 ||    11
       Regeneration      |     1 |     5 ||     6
  Use: Potion            |       |     1 ||     1
 Stab: Sleeping          |     7 |     3 ||    10
  Eat: Chunk             |    16 |     7 ||    23
Armor: Leather armour    |    17 |    22 ||    39
Dodge: Dodged            |    58 |   111 ||   169

Table legend:
 A = Non-vault XP
 B = Vault XP
 C = Vault XP percentage of total XP
 D = Non-vault monster count
 E = Vault monster count
 F = Vault count percentage of total count
                 A         B        C        D         E       F
            +---------+---------+-------+---------+---------+-------
      Total |     343 |      74 |  17.7 |      72 |      20 |  21.7
            +---------+---------+-------+---------+---------+-------
        D:1 |      51 |       0 |   0.0 |      30 |       0 |   0.0
        D:2 |      64 |       0 |   0.0 |      15 |       0 |   0.0
        D:3 |     100 |       0 |   0.0 |      18 |       0 |   0.0
        D:4 |     128 |      74 |  36.6 |       9 |      20 |  69.0
            +---------+---------+-------+---------+---------+-------
